 Dungeon Crawl Stone Soup version 0.20.1-1-g8b1a95d (webtiles) character file.

29535 slep the Blocker (level 13, -10/114 HPs)
             Began as a Minotaur Fighter on Oct 27, 2017.
             Mangled by a shock serpent (11 damage)
             ... on level 1 of the Snake Pit.
             The game lasted 01:43:36 (14603 turns).

slep the Blocker (Minotaur Fighter)                Turns: 14603, Time: 01:43:36

Health: -10/114    AC: 19    Str: 23    XL:     13   Next: 15%
Magic:  12/12      EV:  9    Int:  5    God:
Gold:   747        SH: 20    Dex: 13    Spells: 12/12 levels left

rFire    + + .     SeeInvis .   k - +4 flail (freeze)
rCold    + . .     Gourm    .   s - +0 large shield
rNeg     . . .     Faith    .   a - +3 chain mail {MR+}
rPois    .         Spirit   .   (helmet restricted)
rElec    .         Reflect  .   W - scarf {rC+ rF+}
rCorr    .         Harm     .   S - +0 pair of gloves
MR       +....                  (no boots)
Stlth    ..........             (no amulet)
Regen    0.3/turn               L - +3 ring of protection
MPRegen  0.2/turn               (no ring)

@: hasted, very quick
A: retaliatory headbutt, horns 2, fire resistance 1, screaming 1
a: no special abilities


You were on level 1 of the Snake Pit.
You were not hungry.

You visited 3 branches of the dungeon, and saw 13 of its levels.
You also visited: Sewer.

You collected 824 gold pieces.
You spent 77 gold pieces at shops.

Inventory:

Hand Weapons
 k - a +4 flail of freezing (weapon)
 o - a +1 falchion of draining
 p - a +2 battleaxe of venom
 Z - a +1 war axe of freezing
Missiles
 y - 7 javelins (quivered)
 R - 11 tomahawks
Armour
 a - a +3 chain mail of magic resistance (worn)
 l - a cursed +0 leather armour
 s - a +0 large shield (worn)
 S - a +0 pair of gloves (worn)
 W - a scarf of resistance (worn)
Jewellery
 m - an uncursed ring of flight
 t - an uncursed ring of positive energy
 F - an uncursed ring of protection from cold
 L - a +3 ring of protection (left hand)
Wands
 e - a wand of lightning (9/15)
 g - a wand of polymorph (13/24)
 i - a wand of confusion (24/48)
 E - a wand of clouds (2/9)
 G - a wand of disintegration (10/24)
 K - a wand of polymorph (6/24)
 N - a wand of confusion (20/48)
 T - a wand of clouds (5/9)
 V - a wand of digging (24/24)
 Y - a wand of lightning (7/15)
Scrolls
 j - 9 scrolls of identify
 n - 4 scrolls of fear
 q - 2 scrolls of fog
 r - 2 scrolls of remove curse
 v - a scroll of enchant weapon
 w - a scroll of recharging
 x - 9 scrolls of teleportation
 C - a scroll of silence {unknown}
 D - a scroll of blinking
 P - 3 scrolls of immolation {unknown}
 Q - 2 scrolls of enchant armour
 U - a scroll of amnesia {unknown}
Potions
 h - 4 potions of flight
 u - 3 potions of magic
 A - a potion of agility
 B - a potion of ambrosia {unknown}
 J - a potion of brilliance
 O - a potion of curing
 X - a potion of might
Comestibles
 b - 12 royal jellies
 d - 7 meat rations
 f - 8 bread rations


   Skills:
 + Level 10.5 Fighting
 + Level 11.8 Long Blades
 + Level 1.7(7.0) Axes
 + Level 10.6(10.7) Maces & Flails
 + Level 2.4 Throwing
 + Level 11.3 Armour
 + Level 5.5 Dodging
 + Level 1.8 Stealth
 + Level 14.1 Shields
 + Level 1.1 Evocations


You had 12 spell levels left.
You didn't know any spells.

Dungeon Overview and Level Annotations

Branches:
Dungeon (9/15)             Temple (0/1) D:5            Lair (3/6) D:9
  Swamp (0/4) Lair:3        Snake (1/4) Lair:3          Orc (0/2) D:9

Altars:
Ashenzari
Dithmenos
Fedhas
Hepliaklqana
Kikubaaqudgha
Makhleb
Nemelex Xobeh
Ru
Sif Muna
Trog
The Shining One

Shops:
D:8 ?

Portals:
Bazaar: Snake:1

Annotations:
Snake:1 exclusion: ice statue


Innate Abilities, Weirdness & Mutations

You reflexively headbutt those who attack you in melee.
You have a pair of horns on your head.
Your flesh is heat resistant. (rF+)
You occasionally shout uncontrollably at your foes.


Message History

The shock serpent shocks you!
* * * LOW HITPOINT WARNING * * *
You completely miss the shock serpent.
The shock serpent is heavily wounded.
You block the shock serpent's attack.
You closely miss the shock serpent.
The shock serpent is heavily wounded.
The shock serpent bites you but does no damage.
Your shield and chain mail prevent you from hitting the shock serpent.
You headbutt the shock serpent.
The shock serpent is heavily wounded.
The shock serpent shoots out a bolt of lightning at you!
The bolt of electricity hits you!
* * * LOW HITPOINT WARNING * * *
You feel yourself speed up.
The shock serpent is no longer moving slowly.
The shock serpent bites you.
* * * LOW HITPOINT WARNING * * *
The shock serpent shocks you!
You die...

#[#####.## #(........ ...
.... ##........ ... ....
... ##..#....## ...##... ..
........... ...... .(
.#####...## #...### .###.
.# ##### #..... ......
######...#######.S###......
................@..........
........ ..........).......
####...####.######.####....
...#........##..†..# .
.......[###..))#####
...#.##.....####
#....##.....# #..........##
#...##..#..#


You could see a shock serpent.

Vanquished Creatures
  3 hydras
  An anaconda (Snake:1)
  2 two-headed ogres
  2 naga sharpshooters (Snake:1)
  A naga ritualist (Snake:1)
  A mana viper (Snake:1)
  2 salamanders (Snake:1)
  9 black mambas
  4 elephants (Lair:3)
  Maurice (D:8)
  A guardian serpent (Snake:1)
  2 naga magi (Snake:1)
  6 spiny frogs
  A kobold demonologist (D:9)
  2 komodo dragons
  A troll (D:9)
  A hornet (D:8)
  6 blink frogs
  3 hippogriffs
  3 wyverns
  15 yaks
  2 basilisks
  9 nagas
  2 hell hounds (D:9)
  A soldier ant (D:8)
  5 water moccasins
  4 porcupines
  3 sky beasts
  A swamp drake (D:9)
  The ghost of SoulCrusher669 the Ducker, an amateur TrBe of Trog (D:3)
  4 orc warriors
  A hornet zombie (D:8)
  A phantom (D:9)
  An ice beast (D:8)
  An ogre (D:9)
  A necrophage (D:9)
  6 wolves (Lair:3)
  7 centaurs
  18 big kobolds
  8 crocodiles
  2 gnoll sergeants
  9 bullfrogs
  A wyvern zombie (D:6)
  2 scorpions
  10 killer bees
  6 howler monkeys
  10 wights
  4 crimson imps
  A jelly (D:5)
  7 orc priests
  2 hounds
  12 orc wizards
  2 bullfrog skeletons
  Crazy Yiuf (D:2)
  4 iguanas
  6 worker ants
  A hound zombie (D:6)
  A hound skeleton (D:8)
  Robin (D:2)
  18 adders
  8 gnolls
  3 shadow imps
  5 oozes
  An adder skeleton (D:8)
  4 worms
  A dart slug (D:1)
  12 leopard geckos
  37 orcs
  6 bats
  6 giant cockroaches
  18 goblins
  7 hobgoblins
  3 jackals (D:8)
  4 quokkas
  5 ball pythons
  8 frilled lizards
  23 kobolds
  A leopard gecko skeleton (D:5)
  A quokka zombie (D:6)
  10 rats
  2 fungi (D:2)
408 creatures vanquished.

Vanquished Creatures (others)
  2 kobolds (D:9)
  A fungus (Lair:1)
  2 plants
5 creatures vanquished.

Grand Total: 413 creatures vanquished

Notes
Turn   | Place    | Note
-------+----------+-------------------------------------------
     0 | D:1      | slep the Minotaur Fighter began the quest for the Orb.
     0 | D:1      | Reached XP level 1. HP: 19/19 MP: 0/0
   146 | D:1      | Reached skill level 4 in Shields
   168 | D:1      | Reached XP level 2. HP: 27/27 MP: 1/1
   517 | D:2      | Reached XP level 3. HP: 33/33 MP: 2/2
   671 | D:2      | Noticed Robin
   686 | D:2      | Killed Robin
   778 | D:2      | Found a shattered altar of Ashenzari.
   782 | D:2      | Saw a vision of the Swamp and the Snake Pit.
   782 | D:2      | Noticed a black mamba
   782 | D:2      | Noticed a naga
   782 | D:2      | Noticed an alligator
   782 | D:2      | Noticed a black mamba
   782 | D:2      | Noticed a water moccasin
   782 | D:2      | Noticed an alligator
   783 | D:2      | Noticed a black mamba
   783 | D:2      | Noticed a guardian serpent
   784 | D:2      | Noticed a black mamba
   784 | D:2      | Noticed a black mamba
   786 | D:2      | Noticed a naga mage
   789 | D:2      | Noticed an alligator
   790 | D:2      | Noticed an alligator
   805 | D:2      | Reached XP level 4. HP: 33/40 MP: 3/3
  1314 | D:2      | Found a runed door.
  1318 | D:2      | Gained mutation: You occasionally shout uncontrollably at your foes. [potion of mutation]
  1318 | D:2      | Gained mutation: Your flesh is heat resistant. (rF+) [potion of mutation]
  1321 | D:2      | Noticed Crazy Yiuf
  1330 | D:2      | Killed Crazy Yiuf
  1424 | D:3      | Found a bloodstained altar of Trog.
  1425 | D:3      | Noticed SoulCrusher669's ghost (amateur TrBe)
  1435 | D:3      | Killed SoulCrusher669's ghost
  1435 | D:3      | Reached XP level 5. HP: 25/47 MP: 4/4
  1508 | D:3      | Found a sacrificial altar of Ru.
  1632 | D:3      | Reached skill level 5 in Long Blades
  1897 | D:3      | Reached skill level 5 in Shields
  1897 | D:3      | Reached XP level 6. HP: 53/53 MP: 5/5
  2145 | D:3      | Noticed a sky beast
  2166 | D:3      | Killed a sky beast
  2166 | D:3      | Reached skill level 1 in Dodging
  2766 | D:4      | Reached XP level 7. HP: 55/60 MP: 6/6
  2770 | D:4      | Reached skill level 5 in Fighting
  3112 | D:4      | Reached skill level 5 in Armour
  3246 | D:5      | Entered Level 5 of the Dungeon
  3285 | D:5      | Reached skill level 6 in Shields
  3358 | D:5      | Reached XP level 8. HP: 38/69 MP: 7/7
  3395 | D:5      | Found a staircase to the Ecumenical Temple.
  3477 | D:5      | Found a shadowy altar of Dithmenos.
  3483 | D:5      | Found a glowing golden altar of the Shining One.
  3695 | D:5      | Found a blossoming altar of Fedhas.
  3991 | D:6      | Reached skill level 1 in Axes
  3991 | D:6      | Reached skill level 1 in Stealth
  3991 | D:6      | Reached skill level 7 in Shields
  4027 | D:6      | Found a glowing drain.
  4085 | Sewer    | Entered a sewer
  4472 | D:6      | Reached XP level 9. HP: 47/78 MP: 8/8
  4480 | D:6      | Reached skill level 8 in Shields
  4529 | D:6      | Found a hazy altar of Hepliaklqana.
  4529 | D:6      | Found a sparkling altar of Nemelex Xobeh.
  4921 | D:6      | Reached skill level 1 in Maces & Flails
  5036 | D:6      | HP: 2/78 [orc warrior/scimitar (20)]
  5496 | D:7      | Noticed a two-headed ogre
  5504 | D:7      | Killed a two-headed ogre
  5504 | D:7      | Reached skill level 9 in Shields
  5977 | D:7      | Found a deep blue altar of Sif Muna.
  6229 | D:7      | Found an ancient bone altar of Kikubaaqudgha.
  6710 | D:8      | Reached XP level 10. HP: 83/86 MP: 9/9
  6906 | D:8      | Reached skill level 10 in Long Blades
  7079 | D:8      | Paralysed by a hornet for 2 turns
  7117 | D:8      | Found Nogov's Magic Scroll Shop.
  7121 | D:8      | Bought a scroll of identify for 22 gold pieces
  7121 | D:8      | Bought a scroll of identify for 22 gold pieces
  7121 | D:8      | Bought a scroll of teleportation for 33 gold pieces
  7300 | D:8      | Noticed Maurice
  7334 | D:8      | Killed Maurice
  7584 | D:9      | Found a staircase to the Lair.
  7593 | D:9      | Reached skill level 10 in Shields
  8267 | D:9      | Reached XP level 11. HP: 89/95 MP: 10/10
  8282 | D:9      | Reached skill level 11 in Shields
  8522 | D:9      | Noticed a two-headed ogre
  8533 | D:9      | Killed a two-headed ogre
  8533 | D:9      | Reached skill level 1 in Throwing
  8925 | D:9      | Found a staircase to the Orcish Mines.
  9118 | D:9      | Found a burning altar of Makhleb.
  9373 | Lair:1   | Entered Level 1 of the Lair of Beasts
  9383 | Lair:1   | Reached skill level 5 in Maces & Flails
  9815 | Lair:1   | Noticed an eight-headed hydra
  9823 | Lair:1   | Killed an eight-headed hydra
 10411 | Lair:1   | Reached skill level 12 in Shields
 11124 | Lair:2   | Reached XP level 12. HP: 93/105 MP: 11/11
 11850 | Lair:2   | Reached skill level 10 in Armour
 11870 | Lair:3   | Noticed a four-headed hydra
 11884 | Lair:3   | Killed a four-headed hydra
 12006 | Lair:3   | Reached skill level 5 in Dodging
 12345 | Lair:3   | Found a staircase to the Snake Pit.
 12388 | Lair:3   | Reached skill level 10 in Fighting
 12498 | Lair:3   | Noticed a four-headed hydra
 12512 | Lair:3   | Killed a four-headed hydra
 12512 | Lair:3   | Reached skill level 13 in Shields
 12896 | Lair:3   | Found a staircase to the Swamp.
 13157 | Snake:1  | Entered Level 1 of the Snake Pit
 13178 | Snake:1  | Found a gateway to a bazaar.
 13205 | Snake:1  | Reached skill level 10 in Maces & Flails
 14102 | Snake:1  | Reached XP level 13. HP: 112/114 MP: 12/12
 14178 | Snake:1  | Reached skill level 1 in Evocations
 14305 | Snake:1  | Reached skill level 14 in Shields
 14602 | Snake:1  | HP: 3/114 [shock serpent/bolt of electricity (15)]
 14603 | Snake:1  | HP: 1/114 [shock serpent (2)]
 14603 | Snake:1  | Mangled by a shock serpent

Skill      XL: |  1  2  3  4  5  6  7  8  9 10 11 12 13 |
---------------+----------------------------------------+-----
Shields        | 4 5 6 7 9 10 12 13 14 | 14.1
Fighting       | 4 5 6 7 8 9 10 | 10.5
Armour         | 4 5 6 7 8 9 11 | 11.3
Long Blades    | 3 4 5 6 7 8 9 11 | 11.8
Dodging        | 1 2 3 4 5 |  5.5
Axes           | 1 |  1.7
Stealth        | 1 |  1.8
Maces & Flails | 3 8 10 | 10.6
Throwing       | 1 2 |  2.4
Evocations     | 1 |  1.1

Action                   |  1- 3 |  4- 6 |  7- 9 | 10-12 | 13-15 || total
-------------------------+-------+-------+-------+-------+-------++-------
Melee: Long sword        |    88 |   190 |   278 |       |       ||   556
       Headbutt          |    14 |    43 |    90 |   198 |    16 ||   361
       Hand axe          |       |       |    19 |       |       ||    19
       Scimitar          |       |       |   103 |   281 |       ||   384
       Flail             |       |       |    56 |   560 |    66 ||   682
Throw: Javelin           |       |     4 |     5 |    31 |       ||    40
Evoke: Wand              |       |       |       |    10 |       ||    10
  Use: Potion            |       |     4 |     4 |     5 |     1 ||    14
       Scroll            |       |       |     4 |    14 |       ||    18
 Stab: Confused          |       |       |       |     1 |       ||     1
  Eat: Chunk             |       |     6 |    14 |    22 |       ||    42
       Fruit             |       |       |       |     1 |       ||     1
       Meat ration       |       |       |       |     1 |       ||     1
Armor: Scale mail        |    38 |    44 |    96 |     2 |       ||   180
       Chain mail        |       |       |       |   226 |    17 ||   243
       Skin              |       |       |       |     1 |       ||     1
Dodge: Dodged            |    22 |    34 |    80 |   157 |    16 ||   309
Block: Shield            |    64 |    23 |       |       |       ||    87
       Large shield      |       |    73 |   343 |   748 |    73 ||  1237
       Rpst.: Long sword |     7 |     7 |    11 |       |       ||    25
       Scimitar          |       |       |     5 |     8 |       ||    13
